Map: Eternal Empire LE

Players

angleshooter

  • Race: Protoss Protoss
  • League: Platinum
  • Spawn Location: 7:00

blindogre - Winner!

  • Race: Zerg Zerg
  • League: Platinum
  • Spawn Location: 1:00

VOD

Have the link to the VOD?

Description

Time

  • Played on: May 14, 2020, 5:06 p.m.
  • Length: 2:46
Show
View Real Time Build Order
Export as new Build Order

angleshooter Protoss 

Build Orders: 1 Gate Expand 

Get SALT Encoding   

  12  0:01  Probe  
  13  0:15  Pylon  
  13  0:19  Probe (Chrono Boost)  
  15  0:28  Probe (Chrono Boost)  
  15  0:33  Probe (Chrono Boost)  
  16  0:43  Gateway  
  16  0:45  Probe  
  17  0:55  Assimilator  
  17  0:57  Probe  
  18  1:09  Probe  
  19  1:22  Probe  
  20  1:34  Nexus  
  20  1:41  Cybernetics Core  
  20  1:42  Probe  
  21  1:51  Assimilator  
  21  1:54  Probe  
  22  2:02  Pylon  
  22  2:07  Probe  
  23  2:20  Probe  
  26  2:24  Twilight Council  
  26  2:32  Probe  
Show
View Real Time Build Order
Export as new Build Order

blindogre Zerg - Winner!

Build Orders: Pool First 

Get SALT Encoding   

  12  0:14  Overlord  
  12  0:15  Drone  
  12  0:17  Drone  
  14  0:33  Drone  
  15  0:40  Spawning Pool  
  14  0:43  Drone  
  14  0:47  Drone  
  16  1:06  Drone  
  16  1:10  Extractor  
  16  1:20  Hatchery  
  16  1:22  Drone  
  16  1:32  Zergling x4  
  18  1:44  Zergling x2  
  19  1:58  Zergling x2  
  20  2:02  Drone  
  21  2:15  Zergling x2  
Tags
 
Add a new tag
Caveats
  • Supply blocks, unpowered buildings, or Contaminate may cause inaccurate times.
  • Supply counts are checked every 10 seconds.